Saguenéens vs River Frogs
(R1)
Created - May 18, 2020 at 19:11
Goals
|
| Saguenéens |
2 |
1 |
3 |
6 |
| River Frogs |
3 |
0 |
1 |
4 |
|
Shots
|
| Saguenéens |
9 |
11 |
12 |
32 |
| River Frogs |
11 |
13 |
9 |
33 |
|
1st period
1. River Frogs , Justin Florek 1 (Emerson Etem 2, Jared Knight 2) at 2:20 (PP)
2. River Frogs , Justin Florek 2 (Emerson Etem 3, Anthony Bitetto 2) at 11:45
3. Saguenéens , Mattias Janmark 1 (Mark Stone 2, Duncan Siemens 1) at 14:24
4. Saguenéens , Tobias Rieder 2 (Carl Hagelin 3, Nick Mattson 3) at 17:34
5. River Frogs , Leon Draisaitl 1 (Shane Sims 3) at 17:44
Penalties :
Mason Raymond (Chi) for Holding (Minor) at 1:44, Leon Draisaitl (Lou) for Slashing (Minor) at 12:07
2nd period
6. Saguenéens , Tobias Rieder 3 (Robert Hagg 3) at 1:54
Penalties :
Patrick Sieloff (Chi) for Roughing (Minor) at 15:31, Matt Calvert (Lou) for Hooking (Minor) at 16:57
3rd period
7. Saguenéens , Alexander Wennberg 6 (Garnet Hathaway 2) at 2:37 (PP)
8. Saguenéens , Garnet Hathaway 5 (Mason Raymond 4) at 3:21
9. Saguenéens , Nick Mattson 1 (Duncan Siemens 2, Mark Stone 3) at 9:16
10. River Frogs , James Livingstone 1 (Shea Theodore 1) at 14:02
Penalties :
Emerson Etem (Lou) for Elbowing (Minor) at 2:25, Carl Hagelin (Chi) for Interference (Minor) at 3:06, Anthony Bitetto (Lou) for Boarding (Minor) at 3:19, Nick Mattson (Chi) for Hooking (Minor) at 6:50
Goalie Stats
Joe Cannata (Chi), 29 saves from 33 shots - (0.879), W, 2-0-0, 60:00 minutes
Phoenix Copley (Lou), 19 saves from 24 shots - (0.792), L, 0-3-0, 43:21 minutes
François Brassard (Lou), 7 saves from 8 shots - (0.875), 16:39 minutes
Players Stats for Saguenéens
Player Name G A P +/- PIM S H SB GA TA FO MP PP MP PK MP
------------------------------------------------------------------------------------
Alexander Wennberg 1 0 1 -1 0 3 0 2 1 1 14/30 18:51 1:43 0:00
Carl Hagelin 0 1 1 2 2 1 0 0 0 0 0/0 14:08 1:49 0:00
Craig Cunningham 0 0 0 1 0 0 1 0 1 0 0/0 12:32 0:05 0:33
Duncan Siemens 0 2 2 1 0 1 0 2 0 1 0/0 13:52 0:18 0:13
Garnet Hathaway 1 1 2 0 0 6 3 2 1 1 11/16 23:45 1:56 2:53
Henrik Samuelsson 0 0 0 2 0 1 0 0 0 0 4/10 13:46 1:36 0:00
Julius Honka 0 0 0 1 0 0 0 1 0 0 0/0 14:01 0:00 1:09
Mark Stone 0 2 2 2 0 0 3 0 1 0 1/1 12:48 0:00 0:45
Mason Raymond 0 1 1 0 2 4 1 1 1 0 1/1 22:52 1:56 2:11
Mattias Janmark 1 0 1 1 0 4 0 0 0 0 1/2 11:12 0:00 0:00
Mike Amadio 0 0 0 -2 0 0 0 0 0 0 1/5 8:10 0:00 0:00
Nick Mattson 1 1 2 1 2 1 1 0 0 2 0/0 27:19 1:51 1:41
Patrick Sieloff 0 0 0 1 2 0 1 1 0 0 0/0 18:37 1:59 1:01
Rhett Rakhshani 0 0 0 -2 0 0 0 0 0 0 0/0 9:04 0:18 0:00
Robert Hagg 0 1 1 1 0 2 1 2 0 1 0/0 19:13 1:59 1:31
Seth Helgeson 0 0 0 0 0 0 2 2 1 3 0/0 27:41 1:51 2:53
Teemu Pulkkinen 0 0 0 -2 0 2 1 0 0 0 0/1 10:07 0:13 1:21
Tobias Rieder 2 0 2 3 0 7 1 0 1 1 1/1 15:25 1:36 0:45
Players Stats for River Frogs
Player Name G A P +/- PIM S H SB GA TA FO MP PP MP PK MP
------------------------------------------------------------------------------------
Aaron Ness 0 0 0 -3 0 3 2 1 1 1 0/0 20:20 1:53 2:00
Andrew Gordon 0 0 0 -2 0 6 1 1 2 0 1/8 22:52 2:19 1:58
Anthony Bitetto 0 1 1 2 2 3 0 1 1 2 0/0 26:58 2:20 1:37
Austin Watson 0 0 0 0 0 0 3 0 0 0 0/0 10:35 0:00 0:29
Beau Starrett 0 0 0 0 0 0 0 0 0 0 0/0 0:00 0:00 0:00
David Kolomatis 0 0 0 -3 0 2 1 4 0 1 0/0 20:20 1:53 2:00
Dillon Heatherington 0 0 0 0 0 0 2 0 0 0 0/0 12:00 0:00 0:13
Emerson Etem 0 2 2 0 2 2 1 0 1 2 1/1 16:07 1:43 1:02
Francis Perron 0 0 0 0 0 0 0 0 0 0 0/0 2:17 0:00 1:36
James Livingstone 1 0 1 0 0 3 0 1 1 0 0/0 10:06 0:00 0:00
Jared Knight 0 1 1 1 0 2 2 1 1 0 8/16 14:27 1:43 0:15
Joakim Nordstrom 0 0 0 0 0 0 3 0 0 0 0/0 11:02 0:00 1:16
Justin Florek 2 0 2 1 0 4 0 0 0 1 0/0 14:01 1:43 0:00
Leon Draisaitl 1 0 1 -3 2 4 3 0 1 0 19/29 22:06 2:31 0:49
Mario Lucia 0 0 0 0 0 0 0 0 0 0 0/0 0:33 0:00 0:02
Matt Calvert 0 0 0 -2 2 1 3 2 1 0 2/4 20:33 2:30 0:13
Maxim Mamin 0 0 0 0 0 1 0 0 0 0 1/4 9:12 0:00 0:00
Ondrej Kase 0 0 0 0 0 1 0 0 0 0 0/0 9:12 0:00 0:00
Richard Nejezchleb 0 0 0 0 0 0 0 0 0 0 0/0 0:53 0:12 0:00
Ryan Fitzgerald 0 0 0 0 0 0 0 0 0 0 1/5 10:06 0:00 0:00
Shane Sims 0 1 1 0 0 0 2 3 1 0 0/0 24:18 2:21 1:50
Shea Theodore 0 1 1 0 0 1 1 1 0 0 0/0 15:49 0:00 0:00
3 Stars
1 - Tobias Rieder (Chi)
2 - Garnet Hathaway (Chi)
3 - Mark Stone (Chi)
Power Play
Saguenéens - 1 on 4 Attempt(s) - 25.00%
River Frogs - 1 on 4 Attempt(s) - 25.00%
Penalty Kill
Saguenéens - 3 on 4 Attempt(s) - 75.00%
- Score 0 goal in Penalty Kill
River Frogs - 3 on 4 Attempt(s) - 75.00%
- Score 0 goal in Penalty Kill
Team Stat
Saguenéens - Hits : 15 - Faceoff Wins : 34 - Blocked Shots : 13 - Penalty Minutes : 8
River Frogs - Hits : 24 - Faceoff Wins : 33 - Blocked Shots : 15 - Penalty Minutes : 8
Official
Referees : Unknown
Linesman : Unknown
Game Notes
François Brassard enters game at 3:21 of 3rd period
Shane Sims is injured at 12:02 of 3rd period (Strained Groin)
Finance
Level 1 -- Attendance: 1482 (74.10%) -- Ticket Income $59,280
Level 2 -- Attendance: 767 (76.70%) -- Ticket Income $15,340
Total Attendance: 2249 (74.97%)
Total Ticket Income: $74,620
Other Income: $3,731
Total Income: $78,351
Saguenéens
5 vs 5 Forward
Center Left Wing Right Wing Time % Phy DF OF
1 Alexander Wennberg Mason Raymond Garnet Hathaway 40 1 2 2
2 Henrik Samuelsson Carl Hagelin Tobias Rieder 30 1 2 2
3 Mattias Janmark Craig Cunningham Mark Stone 20 1 2 2
4 Mike Amadio Teemu Pulkkinen Rhett Rakhshani 10 1 2 2
5 vs 5 Defense
Defense Defense Time % Phy DF OF
1 Seth Helgeson Nick Mattson 40 1 2 2
2 Robert Hagg Patrick Sieloff 30 1 2 2
3 Duncan Siemens Julius Honka 20 1 2 2
4 Seth Helgeson Nick Mattson 10 1 2 2
PowerPlay Forward
Center Left Wing Right Wing Time % Phy DF OF
1 Alexander Wennberg Mason Raymond Garnet Hathaway 60 1 2 2
2 Henrik Samuelsson Carl Hagelin Tobias Rieder 40 1 2 2
PowerPlay Defense
Defense Defense Time % Phy DF OF
1 Seth Helgeson Nick Mattson 60 1 2 2
2 Robert Hagg Patrick Sieloff 40 1 2 2
Penalty Kill 4 Players Forward
Center Wing Time % Phy DF OF
1 Garnet Hathaway Mason Raymond 60 1 2 2
2 Tobias Rieder Mark Stone 40 1 2 2
Penalty Kill 4 Players Defense
Defense Defense Time % Phy DF OF
1 Seth Helgeson Nick Mattson 60 1 2 2
2 Robert Hagg Patrick Sieloff 40 1 2 2
Penalty Kill - 3 Players Forward
Forward Time % Phy DF OF
1 Garnet Hathaway 60 1 2 2
2 Mason Raymond 40 1 2 2
Penalty Kill - 3 Players Defense
Defense Defense Time % Phy DF OF
1 Seth Helgeson Nick Mattson 60 1 2 2
2 Robert Hagg Patrick Sieloff 40 1 2 2
4 vs 4 Forward
Center Wing Time % Phy DF OF
1 Garnet Hathaway Mason Raymond 60 1 2 2
2 Tobias Rieder Mark Stone 40 1 2 2
4 vs 4 Defense
Defense Defense Time % Phy DF OF
1 Seth Helgeson Nick Mattson 60 1 2 2
2 Robert Hagg Patrick Sieloff 40 1 2 2
Last Minutes Offensive
Center Left Wing Right Wing Defense Defense
Alexander Wennberg Mason Raymond Garnet Hathaway Seth Helgeson Nick Mattson
Last Minutes Defensive
Center Left Wing Right Wing Defense Defense
Alexander Wennberg Mason Raymond Garnet Hathaway Seth Helgeson Nick Mattson
Goaltenders
Starting : Joe Cannata
Backup : Tyler Beskorowany
Extra Forwards
Normal : Craig Cunningham, Rhett Rakhshani, Teemu Pulkkinen - PP : Craig Cunningham, Rhett Rakhshani - PK : Teemu Pulkkinen
Extra Defensemen
Normal : Duncan Siemens, Julius Honka, Robert Hagg - PP : Duncan Siemens - PK : Julius Honka, Robert Hagg
Penalty Shots
Garnet Hathaway, Mason Raymond, Tobias Rieder, Mark Stone, Alexander Wennberg
Scratches
Mikhail Grigorenko (Healthy), Tanner Richard (Healthy), Jake McCabe (Healthy), Juraj Mikus (Healthy), Myles Bell (Healthy)
Dylan Labbe (Healthy), Adam Erne (Healthy), Nick Paul (Healthy), Calle Andersson (Healthy), Clark Bishop (Healthy)
Nikita Scherbak (Healthy), JJ. Piccinich (Healthy), Michael Giugovaz (Healthy)
River Frogs
5 vs 5 Forward
Center Left Wing Right Wing Time % Phy DF OF
1 Leon Draisaitl Matt Calvert Andrew Gordon 40 1 2 2
2 Jared Knight Justin Florek Emerson Etem 30 1 2 2
3 Ryan Fitzgerald Austin Watson James Livingstone 20 1 2 2
4 Maxim Mamin Joakim Nordstrom Ondrej Kase 10 1 2 2
5 vs 5 Defense
Defense Defense Time % Phy DF OF
1 Anthony Bitetto Shane Sims 40 1 2 2
2 Aaron Ness David Kolomatis 30 1 2 2
3 Shea Theodore Dillon Heatherington 20 1 2 2
4 Anthony Bitetto Shane Sims 10 1 2 2
PowerPlay Forward
Center Left Wing Right Wing Time % Phy DF OF
1 Leon Draisaitl Matt Calvert Andrew Gordon 60 1 2 2
2 Jared Knight Justin Florek Emerson Etem 40 1 2 2
PowerPlay Defense
Defense Defense Time % Phy DF OF
1 Anthony Bitetto Shane Sims 60 1 2 2
2 Aaron Ness David Kolomatis 40 1 2 2
Penalty Kill 4 Players Forward
Center Wing Time % Phy DF OF
1 Andrew Gordon Leon Draisaitl 60 1 2 2
2 Emerson Etem Matt Calvert 40 1 2 2
Penalty Kill 4 Players Defense
Defense Defense Time % Phy DF OF
1 Anthony Bitetto Shane Sims 60 1 2 2
2 Aaron Ness David Kolomatis 40 1 2 2
Penalty Kill - 3 Players Forward
Forward Time % Phy DF OF
1 Andrew Gordon 60 1 2 2
2 Leon Draisaitl 40 1 2 2
Penalty Kill - 3 Players Defense
Defense Defense Time % Phy DF OF
1 Anthony Bitetto Shane Sims 60 1 2 2
2 Aaron Ness David Kolomatis 40 1 2 2
4 vs 4 Forward
Center Wing Time % Phy DF OF
1 Andrew Gordon Leon Draisaitl 60 1 2 2
2 Emerson Etem Matt Calvert 40 1 2 2
4 vs 4 Defense
Defense Defense Time % Phy DF OF
1 Anthony Bitetto Shane Sims 60 1 2 2
2 Aaron Ness David Kolomatis 40 1 2 2
Last Minutes Offensive
Center Left Wing Right Wing Defense Defense
Leon Draisaitl Matt Calvert Andrew Gordon Anthony Bitetto Shane Sims
Last Minutes Defensive
Center Left Wing Right Wing Defense Defense
Leon Draisaitl Matt Calvert Andrew Gordon Anthony Bitetto Shane Sims
Goaltenders
Starting : Phoenix Copley
Backup : François Brassard
Extra Forwards
Normal : Richard Nejezchleb, Mario Lucia, Francis Perron - PP : Richard Nejezchleb, Mario Lucia - PK : Francis Perron
Extra Defensemen
Normal : Shea Theodore, Dillon Heatherington, Aaron Ness - PP : Shea Theodore - PK : Dillon Heatherington, Aaron Ness
Penalty Shots
Andrew Gordon, Leon Draisaitl, Emerson Etem, Matt Calvert, Justin Florek
Scratches
Thomas Greiss (Healthy)
% Time on Ice - Saguenéens
Lines # - Real PCT - Wanted PCT - Time Play
Normal Forward
1 - 36% - 40% - 17:38
2 - 25% - 30% - 12:37
3 - 23% - 20% - 11:12
4 - 16% - 10% - 8:10
Normal Defense
1 - 39% - 40% - 19:25
2 - 30% - 30% - 15:05
3 - 24% - 20% - 11:43
4 - 7% - 10% - 3:24
PP Forward
1 - 58% - 60% - 2:14
2 - 42% - 40% - 1:36
PP Defense
1 - 48% - 60% - 1:51
2 - 52% - 40% - 1:59
PK Forward
1 - 82% - 60% - 3:29
2 - 18% - 40% - 0:45
PK Defense
1 - 87% - 60% - 3:40
2 - 13% - 40% - 0:34
PK3 Forward
1 - 0% - 60%
2 - 0% - 40%
PK3 Defense
1 - 0% - 60%
2 - 0% - 40%
44 Forward
1 - 83% - 60% - 1:55
2 - 17% - 40% - 0:24
44 Defense
1 - 73% - 60% - 1:41
2 - 27% - 40% - 0:38
Last Minute Offensive - 0:00
Last Minute Defensive - 0:00
Total
Forward - 60:00
Defense - 60:00
|
% Time on Ice - River Frogs
Lines # - Real PCT - Wanted PCT - Time Play
Normal Forward
1 - 35% - 40% - 17:19
2 - 26% - 30% - 13:00
3 - 20% - 20% - 10:06
4 - 19% - 10% - 9:12
Normal Defense
1 - 40% - 40% - 19:57
2 - 32% - 30% - 15:55
3 - 22% - 20% - 10:44
4 - 6% - 10% - 3:01
PP Forward
1 - 59% - 60% - 2:31
2 - 41% - 40% - 1:43
PP Defense
1 - 56% - 60% - 2:21
2 - 44% - 40% - 1:53
PK Forward
1 - 73% - 60% - 2:48
2 - 27% - 40% - 1:02
PK Defense
1 - 48% - 60% - 1:50
2 - 52% - 40% - 2:00
PK3 Forward
1 - 0% - 60%
2 - 0% - 40%
PK3 Defense
1 - 0% - 60%
2 - 0% - 40%
44 Forward
1 - 83% - 60% - 1:56
2 - 17% - 40% - 0:23
44 Defense
1 - 77% - 60% - 1:47
2 - 23% - 40% - 0:32
Last Minute Offensive - 0:00
Last Minute Defensive - 0:00
Total
Forward - 60:00
Defense - 60:00
|
Play-by-Play
1st period
0:01 of 1st period - Leon Draisaitl wins face-off versus Garnet Hathaway in neutral zone.
0:08 of 1st period - Slapshot by Leon Draisaitl.
0:08 of 1st period - Shot Misses the Net.
0:10 of 1st period - Slapshot by Anthony Bitetto.
0:10 of 1st period - Shot Blocked by Garnet Hathaway.
0:26 of 1st period - Henrik Samuelsson is hit by Shane Sims.
0:36 of 1st period - Slapshot by Tobias Rieder.
0:36 of 1st period - Stopped by Phoenix Copley with a rebound.
0:54 of 1st period - Shane Sims is hit by Mark Stone and loses puck.
1:33 of 1st period - Snap shot by Andrew Gordon.
1:33 of 1st period - Shot Blocked by Duncan Siemens.
1:35 of 1st period - Snap shot by Andrew Gordon.
1:35 of 1st period - Deflect By Duncan Siemens.
1:35 of 1st period - Shot Blocked by Duncan Siemens.
1:35 of 1st period - Puck is out of play.
1:36 of 1st period - Jared Knight wins face-off versus Alexander Wennberg in Saguenéens zone.
1:44 of 1st period - Minor Penalty to Mason Raymond for Holding.
1:45 of 1st period - Garnet Hathaway wins face-off versus Leon Draisaitl in Saguenéens zone.
2:11 of 1st period - Nick Mattson is hit by Emerson Etem and loses puck.
2:20 of 1st period - Slapshot by Justin Florek.
2:20 of 1st period - Goal by Justin Florek - Saguenéens : 0 - River Frogs : 1.
2:21 of 1st period - Henrik Samuelsson wins face-off versus Leon Draisaitl in neutral zone.
4:10 of 1st period - Snap shot by Mattias Janmark.
4:10 of 1st period - Stopped by Phoenix Copley without a rebound.
4:11 of 1st period - Garnet Hathaway wins face-off versus Jared Knight in River Frogs zone.
4:26 of 1st period - Wrist shot by Alexander Wennberg.
4:26 of 1st period - Shot Blocked by Aaron Ness.
4:38 of 1st period - David Kolomatis is hit by Robert Hagg and loses puck.
5:01 of 1st period - Slapshot by James Livingstone.
5:01 of 1st period - Stopped by Joe Cannata with a rebound.
5:17 of 1st period - Anthony Bitetto is hit by Garnet Hathaway and loses puck.
6:08 of 1st period - Garnet Hathaway is hit by Austin Watson and loses puck.
6:55 of 1st period - Tobias Rieder is hit by Matt Calvert and loses puck.
7:15 of 1st period - Shane Sims is hit by Seth Helgeson and loses puck.
7:40 of 1st period - Nick Mattson is hit by Austin Watson and loses puck.
8:22 of 1st period - Slapshot by Teemu Pulkkinen.
8:22 of 1st period - Stopped by Phoenix Copley with a rebound.
8:59 of 1st period - Robert Hagg is hit by Aaron Ness and loses puck.
9:32 of 1st period - Snap shot by Andrew Gordon.
9:32 of 1st period - Shot Misses the Net.
9:48 of 1st period - Snap shot by Justin Florek.
9:48 of 1st period - Stopped by Joe Cannata with a rebound.
9:54 of 1st period - Snap shot by Emerson Etem.
9:54 of 1st period - Deflect By Jared Knight.
9:54 of 1st period - Stopped by Joe Cannata without a rebound.
9:55 of 1st period - Jared Knight wins face-off versus Alexander Wennberg in Saguenéens zone.
10:02 of 1st period - Snap shot by Garnet Hathaway.
10:02 of 1st period - Shot Blocked by Anthony Bitetto.
11:12 of 1st period - Slapshot by Alexander Wennberg.
11:12 of 1st period - Stopped by Phoenix Copley with a rebound.
11:14 of 1st period - Slapshot by Seth Helgeson.
11:14 of 1st period - Shot Blocked by James Livingstone.
11:16 of 1st period - Snap shot by Garnet Hathaway.
11:16 of 1st period - Shot Misses the Net.
11:28 of 1st period - Slapshot by Emerson Etem.
11:28 of 1st period - Stopped by Joe Cannata without a rebound.
11:29 of 1st period - Jared Knight wins face-off versus Mike Amadio in Saguenéens zone.
11:45 of 1st period - Wrist shot by Emerson Etem.
11:45 of 1st period - Deflect By Justin Florek.
11:45 of 1st period - Goal by Justin Florek - Saguenéens : 0 - River Frogs : 2.
11:46 of 1st period - Leon Draisaitl wins face-off versus Alexander Wennberg in neutral zone.
11:49 of 1st period - Slapshot by Andrew Gordon.
11:49 of 1st period - Shot Blocked by Mason Raymond.
12:07 of 1st period - Minor Penalty to Leon Draisaitl for Slashing.
12:08 of 1st period - Alexander Wennberg wins face-off versus Andrew Gordon in River Frogs zone.
12:40 of 1st period - Wrist shot by Tobias Rieder.
12:40 of 1st period - Stopped by Phoenix Copley without a rebound.
12:41 of 1st period - Alexander Wennberg wins face-off versus Andrew Gordon in River Frogs zone.
12:54 of 1st period - Slapshot by Alexander Wennberg.
12:54 of 1st period - Shot Misses the Net.
12:56 of 1st period - Slapshot by Patrick Sieloff.
12:56 of 1st period - Shot Misses the Net.
13:06 of 1st period - Carl Hagelin is hit by Joakim Nordstrom and loses puck.
14:07 of 1st period - Penalty to Leon Draisaitl is over, Leon Draisaitl is back on ice.
14:17 of 1st period - Matt Calvert is hit by Craig Cunningham and loses puck.
14:22 of 1st period - Snap shot by Mark Stone.
14:22 of 1st period - Shot Misses the Net.
14:24 of 1st period - Snap shot by Mattias Janmark.
14:24 of 1st period - Goal by Mattias Janmark - Saguenéens : 1 - River Frogs : 2.
14:25 of 1st period - Leon Draisaitl wins face-off versus Alexander Wennberg in neutral zone.
14:32 of 1st period - Wrist shot by Andrew Gordon.
14:32 of 1st period - Stopped by Joe Cannata with a rebound.
14:34 of 1st period - Wrist shot by Matt Calvert.
14:34 of 1st period - Stopped by Joe Cannata without a rebound.
14:35 of 1st period - Alexander Wennberg wins face-off versus Leon Draisaitl in Saguenéens zone.
14:40 of 1st period - Snap shot by Alexander Wennberg.
14:40 of 1st period - Deflect By Mason Raymond.
14:40 of 1st period - Stopped by Phoenix Copley without a rebound.
14:41 of 1st period - Leon Draisaitl wins face-off versus Alexander Wennberg in River Frogs zone.
15:32 of 1st period - Patrick Sieloff is hit by Aaron Ness and loses puck.
16:08 of 1st period - Julius Honka is hit by Matt Calvert and loses puck.
17:16 of 1st period - Slapshot by Anthony Bitetto.
17:16 of 1st period - Deflect By Leon Draisaitl.
17:16 of 1st period - Stopped by Joe Cannata without a rebound.
17:17 of 1st period - Matt Calvert wins face-off versus Henrik Samuelsson in Saguenéens zone.
17:20 of 1st period - Snap shot by Andrew Gordon.
17:20 of 1st period - Stopped by Joe Cannata without a rebound.
17:21 of 1st period - Henrik Samuelsson wins face-off versus Leon Draisaitl in Saguenéens zone.
17:26 of 1st period - Snap shot by Tobias Rieder.
17:26 of 1st period - Shot Blocked by David Kolomatis.
17:34 of 1st period - Snap shot by Tobias Rieder.
17:34 of 1st period - Goal by Tobias Rieder - Saguenéens : 2 - River Frogs : 2.
17:35 of 1st period - Leon Draisaitl wins face-off versus Garnet Hathaway in neutral zone.
17:42 of 1st period - Slapshot by Leon Draisaitl.
17:42 of 1st period - Shot Misses the Net.
17:44 of 1st period - Snap shot by Leon Draisaitl.
17:44 of 1st period - Goal by Leon Draisaitl - Saguenéens : 2 - River Frogs : 3.
17:45 of 1st period - Leon Draisaitl wins face-off versus Alexander Wennberg in neutral zone.
17:49 of 1st period - Icing by Nick Mattson.
17:50 of 1st period - Leon Draisaitl wins face-off versus Alexander Wennberg in Saguenéens zone.
18:17 of 1st period - Snap shot by Mark Stone.
18:17 of 1st period - Shot Blocked by Shane Sims.
18:47 of 1st period - Slapshot by Anthony Bitetto.
18:47 of 1st period - Deflect By Emerson Etem.
18:47 of 1st period - Shot Blocked by Robert Hagg.
18:47 of 1st period - Puck is out of play.
18:48 of 1st period - Henrik Samuelsson wins face-off versus Jared Knight in Saguenéens zone.
18:59 of 1st period - Slapshot by Henrik Samuelsson.
18:59 of 1st period - Shot Misses the Net.
19:01 of 1st period - Slapshot by Patrick Sieloff.
19:01 of 1st period - Shot Blocked by Jared Knight.
19:03 of 1st period - Snap shot by Tobias Rieder.
19:03 of 1st period - Stopped by Phoenix Copley without a rebound.
19:04 of 1st period - Alexander Wennberg wins face-off versus Ryan Fitzgerald in River Frogs zone.
19:18 of 1st period - Snap shot by Austin Watson.
19:18 of 1st period - Shot Misses the Net.
19:20 of 1st period - Wrist shot by Aaron Ness.
19:20 of 1st period - Deflect By Austin Watson.
19:20 of 1st period - Shot Misses the Net.
19:20 of 1st period - Puck is out of play.
19:21 of 1st period - Leon Draisaitl wins face-off versus Henrik Samuelsson in Saguenéens zone.
19:46 of 1st period - Shane Sims is hit by Mark Stone and loses puck.
19:57 of 1st period - Snap shot by Craig Cunningham.
19:57 of 1st period - Deflect By Mattias Janmark.
19:57 of 1st period - Shot Misses the Net.
19:57 of 1st period - Puck is out of play.
19:58 of 1st period - Alexander Wennberg wins face-off versus Jared Knight in River Frogs zone.
Goals for this period are 2 for Saguenéens vs 3 for River Frogs.
Shots for this period are 9 for Saguenéens vs 11 for River Frogs.
2nd period
0:01 of 2nd period - Garnet Hathaway wins face-off versus Jared Knight in neutral zone.
0:08 of 2nd period - Snap shot by Jared Knight.
0:08 of 2nd period - Deflect By Emerson Etem.
0:08 of 2nd period - Shot Blocked by Alexander Wennberg.
0:08 of 2nd period - Puck is out of play.
0:09 of 2nd period - Alexander Wennberg wins face-off versus Jared Knight in Saguenéens zone.
0:26 of 2nd period - Slapshot by Anthony Bitetto.
0:26 of 2nd period - Stopped by Joe Cannata without a rebound.
0:27 of 2nd period - Leon Draisaitl wins face-off versus Henrik Samuelsson in Saguenéens zone.
1:00 of 2nd period - Snap shot by Justin Florek.
1:00 of 2nd period - Shot Blocked by Seth Helgeson.
1:02 of 2nd period - Wrist shot by Jared Knight.
1:02 of 2nd period - Shot Blocked by Seth Helgeson.
1:54 of 2nd period - Slapshot by Tobias Rieder.
1:54 of 2nd period - Goal by Tobias Rieder - Saguenéens : 3 - River Frogs : 3.
1:55 of 2nd period - Leon Draisaitl wins face-off versus Alexander Wennberg in neutral zone.
2:09 of 2nd period - Snap shot by Andrew Gordon.
2:09 of 2nd period - Stopped by Joe Cannata without a rebound.
2:10 of 2nd period - Jared Knight wins face-off versus Henrik Samuelsson in Saguenéens zone.
2:23 of 2nd period - Snap shot by Jared Knight.
2:23 of 2nd period - Shot Misses the Net.
2:32 of 2nd period - Icing by Shane Sims.
2:33 of 2nd period - Leon Draisaitl wins face-off versus Alexander Wennberg in River Frogs zone.
2:46 of 2nd period - Wrist shot by Leon Draisaitl.
2:46 of 2nd period - Shot Blocked by Alexander Wennberg.
3:19 of 2nd period - Snap shot by James Livingstone.
3:19 of 2nd period - Stopped by Joe Cannata with a rebound.
3:38 of 2nd period - Slapshot by Aaron Ness.
3:38 of 2nd period - Stopped by Joe Cannata without a rebound.
3:39 of 2nd period - Maxim Mamin wins face-off versus Mike Amadio in Saguenéens zone.
4:11 of 2nd period - Rhett Rakhshani is hit by Dillon Heatherington and loses puck.
4:31 of 2nd period - Icing by Joakim Nordstrom.
4:32 of 2nd period - Alexander Wennberg wins face-off versus Maxim Mamin in River Frogs zone.
4:44 of 2nd period - Icing by Shea Theodore.
4:45 of 2nd period - Alexander Wennberg wins face-off versus Maxim Mamin in River Frogs zone.
4:50 of 2nd period - Slapshot by Mason Raymond.
4:50 of 2nd period - Deflect By Shea Theodore.
4:50 of 2nd period - Stopped by Phoenix Copley without a rebound.
4:51 of 2nd period - Alexander Wennberg wins face-off versus Leon Draisaitl in River Frogs zone.
4:58 of 2nd period - Slapshot by Garnet Hathaway.
4:58 of 2nd period - Stopped by Phoenix Copley with a rebound.
5:16 of 2nd period - Nick Mattson is hit by Austin Watson.
5:24 of 2nd period - Wrist shot by Alexander Wennberg.
5:24 of 2nd period - Shot Blocked by Shane Sims.
5:26 of 2nd period - Slapshot by Duncan Siemens.
5:26 of 2nd period - Shot Misses the Net.
5:34 of 2nd period - Wrist shot by Mason Raymond.
5:34 of 2nd period - Deflect By Garnet Hathaway.
5:34 of 2nd period - Shot Misses the Net.
5:34 of 2nd period - Puck is out of play.
5:35 of 2nd period - Leon Draisaitl wins face-off versus Henrik Samuelsson in River Frogs zone.
5:42 of 2nd period - Slapshot by Andrew Gordon.
5:42 of 2nd period - Shot Blocked by Patrick Sieloff.
5:44 of 2nd period - Slapshot by Aaron Ness.
5:44 of 2nd period - Stopped by Joe Cannata with a rebound.
5:46 of 2nd period - Slapshot by David Kolomatis.
5:46 of 2nd period - Stopped by Joe Cannata with a rebound.
5:48 of 2nd period - Snap shot by Aaron Ness.
5:48 of 2nd period - Stopped by Joe Cannata with a rebound.
5:50 of 2nd period - Snap shot by Leon Draisaitl.
5:50 of 2nd period - Shot Misses the Net.
7:01 of 2nd period - Icing by Shane Sims.
7:02 of 2nd period - Mark Stone wins face-off versus Leon Draisaitl in River Frogs zone.
7:17 of 2nd period - Wrist shot by Craig Cunningham.
7:17 of 2nd period - Deflect By Mattias Janmark.
7:17 of 2nd period - Shot Blocked by David Kolomatis.
7:17 of 2nd period - Puck is out of play.
7:18 of 2nd period - Jared Knight wins face-off versus Alexander Wennberg in River Frogs zone.
7:18 of 2nd period - Jared Knight is hit by Mason Raymond.
7:31 of 2nd period - Snap shot by Emerson Etem.
7:31 of 2nd period - Stopped by Joe Cannata with a rebound.
8:46 of 2nd period - Snap shot by Garnet Hathaway.
8:46 of 2nd period - Stopped by Phoenix Copley without a rebound.
8:47 of 2nd period - Alexander Wennberg wins face-off versus Jared Knight in River Frogs zone.
8:58 of 2nd period - Slapshot by Mason Raymond.
8:58 of 2nd period - Stopped by Phoenix Copley with a rebound.
9:18 of 2nd period - Wrist shot by Mattias Janmark.
9:18 of 2nd period - Stopped by Phoenix Copley with a rebound.
9:20 of 2nd period - Snap shot by Craig Cunningham.
9:20 of 2nd period - Shot Misses the Net.
9:44 of 2nd period - Tobias Rieder is hit by Matt Calvert and loses puck.
10:01 of 2nd period - Snap shot by Garnet Hathaway.
10:01 of 2nd period - Shot Misses the Net.
10:15 of 2nd period - Seth Helgeson is hit by Joakim Nordstrom.
10:19 of 2nd period - David Kolomatis is hit by Nick Mattson and loses puck.
10:28 of 2nd period - Shea Theodore is hit by Teemu Pulkkinen and loses puck.
10:41 of 2nd period - Mattias Janmark is hit by Leon Draisaitl and loses puck.
11:20 of 2nd period - Mattias Janmark is hit by Dillon Heatherington and loses puck.
11:31 of 2nd period - Aaron Ness is hit by Garnet Hathaway and loses puck.
11:56 of 2nd period - Slapshot by Teemu Pulkkinen.
11:56 of 2nd period - Stopped by Phoenix Copley without a rebound.
11:57 of 2nd period - Leon Draisaitl wins face-off versus Mike Amadio in River Frogs zone.
12:12 of 2nd period - Snap shot by Andrew Gordon.
12:12 of 2nd period - Deflect By Leon Draisaitl.
12:12 of 2nd period - Stopped by Joe Cannata with a rebound.
12:28 of 2nd period - Slapshot by Anthony Bitetto.
12:28 of 2nd period - Stopped by Joe Cannata with a rebound.
12:30 of 2nd period - Wrist shot by Emerson Etem.
12:30 of 2nd period - Shot Blocked by Robert Hagg.
12:32 of 2nd period - Snap shot by Jared Knight.
12:32 of 2nd period - Shot Misses the Net.
12:50 of 2nd period - Snap shot by Tobias Rieder.
12:50 of 2nd period - Stopped by Phoenix Copley with a rebound.
12:52 of 2nd period - Slapshot by Robert Hagg.
12:52 of 2nd period - Stopped by Phoenix Copley with a rebound.
13:10 of 2nd period - Snap shot by Andrew Gordon.
13:10 of 2nd period - Shot Hit the Post.
13:20 of 2nd period - Snap shot by Andrew Gordon.
13:20 of 2nd period - Deflect By Leon Draisaitl.
13:20 of 2nd period - Stopped by Joe Cannata without a rebound.
13:21 of 2nd period - Jared Knight wins face-off versus Alexander Wennberg in Saguenéens zone.
13:22 of 2nd period - Snap shot by Emerson Etem.
13:22 of 2nd period - Deflect By Justin Florek.
13:22 of 2nd period - Shot Blocked by Julius Honka.
13:22 of 2nd period - Puck is out of play.
13:23 of 2nd period - Jared Knight wins face-off versus Alexander Wennberg in Saguenéens zone.
13:24 of 2nd period - Wrist shot by Emerson Etem.
13:24 of 2nd period - Shot Misses the Net.
13:52 of 2nd period - Wrist shot by Carl Hagelin.
13:52 of 2nd period - Deflect By Henrik Samuelsson.
13:52 of 2nd period - Stopped by Phoenix Copley with a rebound.
15:11 of 2nd period - Henrik Samuelsson is hit by Shea Theodore and loses puck.
15:31 of 2nd period - Minor Penalty to Patrick Sieloff for Roughing.
15:32 of 2nd period - Leon Draisaitl wins face-off versus Garnet Hathaway in Saguenéens zone.
16:04 of 2nd period - Slapshot by Anthony Bitetto.
16:04 of 2nd period - Stopped by Joe Cannata with a rebound.
16:29 of 2nd period - Slapshot by Anthony Bitetto.
16:29 of 2nd period - Deflect By Justin Florek.
16:29 of 2nd period - Stopped by Joe Cannata without a rebound.
16:30 of 2nd period - Leon Draisaitl wins face-off versus Teemu Pulkkinen in Saguenéens zone.
16:45 of 2nd period - Wrist shot by Andrew Gordon.
16:45 of 2nd period - Deflect By Matt Calvert.
16:45 of 2nd period - Shot Misses the Net.
16:45 of 2nd period - Puck is out of play.
16:46 of 2nd period - Garnet Hathaway wins face-off versus Leon Draisaitl in Saguenéens zone.
16:57 of 2nd period - Minor Penalty to Matt Calvert for Hooking.
16:58 of 2nd period - Garnet Hathaway wins face-off versus Andrew Gordon in River Frogs zone.
17:31 of 2nd period - Penalty to Patrick Sieloff is over, Patrick Sieloff is back on ice.
17:48 of 2nd period - Wrist shot by Mason Raymond.
17:48 of 2nd period - Stopped by Phoenix Copley without a rebound.
17:49 of 2nd period - Tobias Rieder wins face-off versus Andrew Gordon in River Frogs zone.
18:46 of 2nd period - Icing by Alexander Wennberg.
18:47 of 2nd period - Emerson Etem wins face-off versus Henrik Samuelsson in Saguenéens zone.
18:48 of 2nd period - Slapshot by Shane Sims.
18:48 of 2nd period - Shot Misses the Net.
18:57 of 2nd period - Penalty to Matt Calvert is over, Matt Calvert is back on ice.
19:23 of 2nd period - Off-side.
19:24 of 2nd period - Mike Amadio wins face-off versus Ryan Fitzgerald in neutral zone.
Goals for this period are 1 for Saguenéens vs 0 for River Frogs.
Shots for this period are 11 for Saguenéens vs 13 for River Frogs.
3rd period
0:01 of 3rd period - Leon Draisaitl wins face-off versus Alexander Wennberg in neutral zone.
0:09 of 3rd period - Off-side.
0:10 of 3rd period - Leon Draisaitl wins face-off versus Alexander Wennberg in neutral zone.
0:39 of 3rd period - Slapshot by Garnet Hathaway.
0:39 of 3rd period - Stopped by Phoenix Copley without a rebound.
0:40 of 3rd period - Henrik Samuelsson wins face-off versus Jared Knight in River Frogs zone.
0:41 of 3rd period - Slapshot by Tobias Rieder.
0:41 of 3rd period - Shot Misses the Net.
0:53 of 3rd period - Wrist shot by Carl Hagelin.
0:53 of 3rd period - Shot Misses the Net.
1:18 of 3rd period - Snap shot by James Livingstone.
1:18 of 3rd period - Shot Misses the Net.
1:36 of 3rd period - Snap shot by Mason Raymond.
1:36 of 3rd period - Shot Misses the Net.
2:25 of 3rd period - Minor Penalty to Emerson Etem for Elbowing.
2:26 of 3rd period - Garnet Hathaway wins face-off versus Andrew Gordon in River Frogs zone.
2:31 of 3rd period - Wrist shot by Garnet Hathaway.
2:31 of 3rd period - Stopped by Phoenix Copley with a rebound.
2:35 of 3rd period - Snap shot by Garnet Hathaway.
2:35 of 3rd period - Shot Misses the Net.
2:37 of 3rd period - Wrist shot by Alexander Wennberg.
2:37 of 3rd period - Goal by Alexander Wennberg - Saguenéens : 4 - River Frogs : 3.
2:38 of 3rd period - Garnet Hathaway wins face-off versus Matt Calvert in neutral zone.
3:06 of 3rd period - Minor Penalty to Carl Hagelin for Interference.
3:07 of 3rd period - Leon Draisaitl wins face-off versus Garnet Hathaway in Saguenéens zone.
3:19 of 3rd period - Minor Penalty to Anthony Bitetto for Boarding.
3:20 of 3rd period - Garnet Hathaway wins face-off versus Andrew Gordon in River Frogs zone.
3:21 of 3rd period - Wrist shot by Mason Raymond.
3:21 of 3rd period - Deflect By Garnet Hathaway.
3:21 of 3rd period - Goal by Garnet Hathaway - Saguenéens : 5 - River Frogs : 3.
3:21 of 3rd period - François Brassard enters game.
3:22 of 3rd period - Andrew Gordon wins face-off versus Garnet Hathaway in neutral zone.
3:25 of 3rd period - Slapshot by Shea Theodore.
3:25 of 3rd period - Shot Blocked by Garnet Hathaway.
3:31 of 3rd period - Wrist shot by Garnet Hathaway.
3:31 of 3rd period - Shot Misses the Net.
3:33 of 3rd period - Slapshot by Garnet Hathaway.
3:33 of 3rd period - Shot Misses the Net.
3:35 of 3rd period - Slapshot by Nick Mattson.
3:35 of 3rd period - Deflect By Garnet Hathaway.
3:35 of 3rd period - Shot Blocked by Shea Theodore.
3:35 of 3rd period - Puck is out of play.
3:36 of 3rd period - Garnet Hathaway wins face-off versus Andrew Gordon in River Frogs zone.
3:43 of 3rd period - Andrew Gordon is hit by Garnet Hathaway and loses puck.
4:02 of 3rd period - Nick Mattson is hit by Leon Draisaitl and loses puck.
4:19 of 3rd period - Snap shot by Mark Stone.
4:19 of 3rd period - Shot Blocked by Matt Calvert.
5:06 of 3rd period - Penalty to Carl Hagelin is over, Carl Hagelin is back on ice.
5:19 of 3rd period - Penalty to Anthony Bitetto is over, Anthony Bitetto is back on ice.
5:22 of 3rd period - Wrist shot by Carl Hagelin.
5:22 of 3rd period - Shot Misses the Net.
5:24 of 3rd period - Slapshot by Patrick Sieloff.
5:24 of 3rd period - Shot Hit the Post.
5:26 of 3rd period - Snap shot by Carl Hagelin.
5:26 of 3rd period - Stopped by François Brassard with a rebound.
5:28 of 3rd period - Slapshot by Robert Hagg.
5:28 of 3rd period - Stopped by François Brassard without a rebound.
5:29 of 3rd period - Jared Knight wins face-off versus Mattias Janmark in River Frogs zone.
6:50 of 3rd period - Minor Penalty to Nick Mattson for Hooking.
6:51 of 3rd period - Garnet Hathaway wins face-off versus Leon Draisaitl in Saguenéens zone.
6:51 of 3rd period - Garnet Hathaway is hit by Shane Sims.
8:50 of 3rd period - Penalty to Nick Mattson is over, Nick Mattson is back on ice.
8:54 of 3rd period - Wrist shot by Tobias Rieder.
8:54 of 3rd period - Stopped by François Brassard with a rebound.
9:12 of 3rd period - Snap shot by Mark Stone.
9:12 of 3rd period - Shot Misses the Net.
9:14 of 3rd period - Slapshot by Duncan Siemens.
9:14 of 3rd period - Deflect By Austin Watson.
9:14 of 3rd period - Stopped by François Brassard with a rebound.
9:16 of 3rd period - Snap shot by Nick Mattson.
9:16 of 3rd period - Goal by Nick Mattson - Saguenéens : 6 - River Frogs : 3.
9:17 of 3rd period - Garnet Hathaway wins face-off versus Jared Knight in neutral zone.
10:49 of 3rd period - Snap shot by Ondrej Kase.
10:49 of 3rd period - Deflect By Maxim Mamin.
10:49 of 3rd period - Shot Misses the Net.
10:49 of 3rd period - Puck is out of play.
10:50 of 3rd period - Mason Raymond wins face-off versus Matt Calvert in Saguenéens zone.
10:50 of 3rd period - Mason Raymond is hit by Leon Draisaitl.
10:58 of 3rd period - Wrist shot by Andrew Gordon.
10:58 of 3rd period - Stopped by Joe Cannata with a rebound.
11:08 of 3rd period - Andrew Gordon is hit by Seth Helgeson and loses puck.
11:21 of 3rd period - Dillon Heatherington is hit by Tobias Rieder and loses puck.
11:30 of 3rd period - Snap shot by Jared Knight.
11:30 of 3rd period - Shot Misses the Net.
11:42 of 3rd period - Wrist shot by Ondrej Kase.
11:42 of 3rd period - Shot Misses the Net.
11:44 of 3rd period - Snap shot by Aaron Ness.
11:44 of 3rd period - Shot Misses the Net.
11:46 of 3rd period - Snap shot by Maxim Mamin.
11:46 of 3rd period - Stopped by Joe Cannata without a rebound.
11:47 of 3rd period - Alexander Wennberg wins face-off versus Maxim Mamin in Saguenéens zone.
12:02 of 3rd period - Slapshot by Seth Helgeson.
12:02 of 3rd period - Shot Blocked by Shane Sims.
12:02 of 3rd period - Shane Sims from River Frogs is injured at 12:02 of 3rd period (Strained Groin).
12:03 of 3rd period - Alexander Wennberg wins face-off versus Leon Draisaitl in River Frogs zone.
12:06 of 3rd period - Slapshot by Garnet Hathaway.
12:06 of 3rd period - Stopped by François Brassard with a rebound.
12:16 of 3rd period - Slapshot by Anthony Bitetto.
12:16 of 3rd period - Deflect By Andrew Gordon.
12:16 of 3rd period - Stopped by Joe Cannata with a rebound.
12:18 of 3rd period - Slapshot by Shea Theodore.
12:18 of 3rd period - Deflect By Andrew Gordon.
12:18 of 3rd period - Stopped by Joe Cannata with a rebound.
12:36 of 3rd period - Off-side.
12:37 of 3rd period - Leon Draisaitl wins face-off versus Alexander Wennberg in neutral zone.
12:40 of 3rd period - Slapshot by David Kolomatis.
12:40 of 3rd period - Stopped by Joe Cannata without a rebound.
12:41 of 3rd period - Alexander Wennberg wins face-off versus Leon Draisaitl in Saguenéens zone.
12:48 of 3rd period - Snap shot by Garnet Hathaway.
12:48 of 3rd period - Shot Blocked by David Kolomatis.
12:50 of 3rd period - Snap shot by Mason Raymond.
12:50 of 3rd period - Shot Blocked by Andrew Gordon.
12:52 of 3rd period - Wrist shot by Mason Raymond.
12:52 of 3rd period - Shot Blocked by David Kolomatis.
13:30 of 3rd period - Slapshot by Shea Theodore.
13:30 of 3rd period - Stopped by Joe Cannata without a rebound.
13:31 of 3rd period - Ryan Fitzgerald wins face-off versus Mike Amadio in Saguenéens zone.
14:02 of 3rd period - Wrist shot by James Livingstone.
14:02 of 3rd period - Goal by James Livingstone - Saguenéens : 6 - River Frogs : 4.
14:03 of 3rd period - Matt Calvert wins face-off versus Alexander Wennberg in neutral zone.
14:14 of 3rd period - Slapshot by Alexander Wennberg.
14:14 of 3rd period - Stopped by François Brassard with a rebound.
14:16 of 3rd period - Slapshot by Garnet Hathaway.
14:16 of 3rd period - Shot Blocked by Matt Calvert.
14:18 of 3rd period - Wrist shot by Mason Raymond.
14:18 of 3rd period - Shot Misses the Net.
14:52 of 3rd period - Wrist shot by Mattias Janmark.
14:52 of 3rd period - Stopped by François Brassard without a rebound.
14:53 of 3rd period - Alexander Wennberg wins face-off versus Ryan Fitzgerald in River Frogs zone.
15:45 of 3rd period - Seth Helgeson is hit by Andrew Gordon and loses puck.
16:51 of 3rd period - Alexander Wennberg is hit by Jared Knight and loses puck.
17:04 of 3rd period - Carl Hagelin is hit by Jared Knight and loses puck.
17:35 of 3rd period - Maxim Mamin is hit by Patrick Sieloff and loses puck.
18:00 of 3rd period - Alexander Wennberg is hit by Joakim Nordstrom and loses puck.
18:29 of 3rd period - Snap shot by Ondrej Kase.
18:29 of 3rd period - Stopped by Joe Cannata with a rebound.
18:31 of 3rd period - Slapshot by Jared Knight.
18:31 of 3rd period - Stopped by Joe Cannata without a rebound.
18:32 of 3rd period - Mattias Janmark wins face-off versus Ryan Fitzgerald in Saguenéens zone.
18:37 of 3rd period - Shea Theodore is hit by Mark Stone and loses puck.
19:39 of 3rd period - Rhett Rakhshani is hit by David Kolomatis and loses puck.
Goals for this period are 3 for Saguenéens vs 1 for River Frogs.
Shots for this period are 12 for Saguenéens vs 9 for River Frogs.
Back to the Top